[Event "January 2 Early 2024"]
[Site "https://www.chess.com"]
[Date "2024.01.02"]
[Round "8"]
[White "Mekhitarian, Krikor Sevag"]
[Black "Kochiev, Ivan"]
[Result "1-0"]
[Board "59"]
[TimeControl "180+1"]
[WhiteFideId "2107660"]
[BlackFideId "2917890"]
[WhiteElo "2835"]
[BlackElo "2540"]
[WhiteTeam "BRA"]
[BlackTeam "BUL"]
[WhiteClock "0:01:35"]
[BlackClock "0:00:32"]

1. Nf3 Nf6 2. c4 e6 3. Nc3 d5 4. cxd5 exd5 5. d4 c6 6. Bf4 Bd6 7. Bxd6 Qxd6 8. e3 Bf5 9. Nh4 Bg6 10. Qb3 b6 11. Rc1 Nbd7 12. Nxg6 hxg6 13. g3 Ng4 14. Be2 f5 15. Bxg4 fxg4 16. Ne2 Nf6 17. Qc2 Kd7 18. Qxg6 Raf8 19. Qxg7+ Kc8 20. Qxa7 Nd7 21. Nf4 Qb4+ 22. Kf1 Rf6 23. Kg2 Qxb2 24. Qa8+ Nb8 25. Qa4 Kb7 26. Rc2 Qb5 27. Qxb5 cxb5 28. Nxd5 1-0

[Event "January 2 Early 2024"]
[Site "https://www.chess.com"]
[Date "2024.01.02"]
[Round "8"]
[White "Finek, Vaclav"]
[Black "Petukhov, Dmitry"]
[Result "1-0"]
[Board "60"]
[TimeControl "180+1"]
[WhiteFideId "23718293"]
[BlackFideId "4142748"]
[WhiteElo "2834"]
[BlackElo "2528"]
[WhiteTeam "CZE"]
[BlackTeam "RUS"]
[WhiteClock "0:00:22"]
[BlackClock "0:00:04"]

1. d4 Nf6 2. c4 g6 3. g3 Bg7 4. Bg2 O-O 5. Nf3 c6 6. O-O d5 7. Nc3 dxc4 8. e4 b5 9. Qe2 Bb7 10. Re1 a6 11. e5 Nd5 12. Ne4 Nd7 13. e6 f5 14. Neg5 N7f6 15. Nf7 Qb6 16. Nh6+ Kh8 17. Ne5 Qxd4 18. Nef7+ Rxf7 19. Nxf7+ Kg8 20. Bh6 Bxh6 21. Nxh6+ Kg7 22. Rad1 Qc5 23. Nf7 c3 24. Rc1 Qd4 25. Red1 cxb2 26. Rb1 Nc3 27. Qxb2 Qc4 28. Ne5 Nxd1 29. Rxd1 Qxe6 30. a4 Rb8 31. Nd3 Qd6 32. Bf3 c5 33. Nf4 Qxf4 34. gxf4 Bxf3 35. Rc1 c4 36. Rxc4 Rd8 37. Rc1 bxa4 38. Qa3 Rd4 39. Qxe7+ Kh6 40. Qxf6 Rxf4 41. Qf8+ Kh5 42. Rc3 Rg4+ 43. Kf1 Bg2+ 44. Ke1 Re4+ 45. Re3 Rd4 46. Qg7 Rg4 47. Qxh7+ Kg5 48. h4+ Kf4 49. Qc7# 1-0

[Event "January 2 Early 2024"]
[Site "https://www.chess.com"]
[Date "2024.01.02"]
[Round "8"]
[White "ilqar_74"]
[Black "Pinero Rodriguez, Carlos Jose"]
[Result "1-0"]
[Board "61"]
[TimeControl "180+1"]
[BlackFideId "3901726"]
[WhiteElo "2776"]
[BlackElo "2527"]
[BlackTeam "VEN"]
[WhiteClock "0:01:13"]
[BlackClock "0:00:17"]

1. e4 c5 2. Nf3 e6 3. c3 Nf6 4. e5 Nd5 5. d4 cxd4 6. cxd4 d6 7. Bd3 Nc6 8. exd6 Bxd6 9. O-O Bd7 10. Nc3 Nxc3 11. bxc3 Ne7 12. Qe2 Qa5 13. c4 Qh5 14. Be4 Rb8 15. Bb2 O-O 16. h3 Ng6 17. Bxg6 hxg6 18. Rfe1 Bc6 19. Ne5 Qxe2 20. Rxe2 Bxe5 21. Rxe5 Rfd8 22. a4 Rd7 23. Bc3 Rbd8 24. a5 a6 25. Rb1 Rxd4 26. Bxd4 Rxd4 27. Rc1 Kf8 28. f3 Rd2 29. h4 Ke7 30. Ree1 Ra2 31. Ra1 Rc2 32. Rec1 Rd2 33. Kh2 Kd6 34. Rd1 Rxd1 35. Rxd1+ Kc5 36. Rd8 Kb4 37. Rf8 Kxa5 38. Rxf7 Kb4 39. Rxg7 a5 40. Rxg6 a4 41. Rg8 a3 42. Ra8 Ba4 43. h5 a2 44. h6 a1=Q 45. h7 Kxc4 46. h8=Q Qxh8+ 47. Rxh8 b5 48. Rc8+ Kd5 49. g4 Bc2 50. Rxc2 1-0

[Event "January 2 Early 2024"]
[Site "https://www.chess.com"]
[Date "2024.01.02"]
[Round "8"]
[White "Haug, Havard"]
[Black "Jaiveer Mahendru"]
[Result "1-0"]
[Board "62"]
[TimeControl "180+1"]
[WhiteFideId "1547887"]
[BlackFideId "25611151"]
[WhiteElo "2774"]
[BlackElo "2527"]
[WhiteTeam "NOR"]
[BlackTeam "IND"]
[WhiteClock "0:01:47"]
[BlackClock "0:00:05"]

1. b3 b6 2. Bb2 Bb7 3. Nf3 Nf6 4. e3 e6 5. Be2 Be7 6. O-O O-O 7. d4 d5 8. Nbd2 Nbd7 9. c4 c5 10. Rc1 Rc8 11. h3 h6 12. Re1 Qc7 13. Qc2 Qb8 14. dxc5 Nxc5 15. Qb1 Nce4 16. Nxe4 Nxe4 17. Bd3 Bf6 18. Bxe4 dxe4 19. Nd4 Rfd8 20. Rcd1 Qe5 21. Ba1 Qg5 22. Nb5 Bxa1 23. Qxa1 a6 24. Nd6 Rc7 25. Nxb7 Rxb7 26. Rxd8+ Qxd8 27. Qd4 Qxd4 28. exd4 f5 29. f3 exf3 30. Rxe6 fxg2 31. Kxg2 Kf7 32. d5 Re7 33. Rxb6 Re2+ 34. Kf3 Rxa2 35. c5 g5 36. Rb7+ Ke8 37. Ke3 Kd8 38. Kd4 f4 39. Ke5 Re2+ 40. Kd6 Kc8 41. Rf7 h5 42. c6 Re8 43. Kc5 Rg8 44. d6 h4 45. Ra7 Kb8 46. Kb6 1-0

[Event "January 2 Early 2024"]
[Site "https://www.chess.com"]
[Date "2024.01.02"]
[Round "8"]
[White "Shapiro, Viktor"]
[Black "Anuj Shrivatri"]
[Result "0-1"]
[Board "63"]
[TimeControl "180+1"]
[WhiteFideId "4175700"]
[BlackFideId "35070924"]
[WhiteElo "2525"]
[BlackElo "2762"]
[WhiteTeam "RUS"]
[BlackTeam "IND"]
[WhiteClock "0:00:01"]
[BlackClock "0:00:30"]

1. c4 Nf6 2. Nc3 c5 3. g3 Nc6 4. Bg2 e6 5. Nf3 d5 6. O-O d4 7. Na4 e5 8. d3 Bd6 9. e3 O-O 10. exd4 exd4 11. a3 h6 12. Rb1 a5 13. Qb3 Ra6 14. Bd2 b6 15. Rfe1 Bd7 16. Nh4 Ne5 17. Bf4 Re8 18. Bxe5 Bxe5 19. Qc2 Bc7 20. b3 g5 21. Nf3 Bc6 22. Rxe8+ Qxe8 23. Re1 Qa8 24. Qd1 Kg7 25. Nb2 Bd6 26. h3 Qb7 27. g4 Nh7 28. Qe2 Nf8 29. Nd1 Ne6 30. Nxd4 Nxd4 31. Qf1 Bxg2 32. Qxg2 Qxg2+ 33. Kxg2 Kf8 34. Ne3 Nxb3 35. Nf5 Bf4 36. Nxh6 b5 37. Nf5 b4 38. a4 Nd4 39. Nxd4 cxd4 40. Rb1 Rb6 41. Kf3 b3 42. Ke4 b2 43. Kxd4 Bc1 44. Kc3 Ke7 45. d4 Rb4 46. c5 Ke6 0-1

[Event "January 2 Early 2024"]
[Site "https://www.chess.com"]
[Date "2024.01.02"]
[Round "8"]
[White "Rietze, Clemens, Dr."]
[Black "Hammer, Jon Ludvig"]
[Result "0-1"]
[Board "64"]
[TimeControl "180+1"]
[WhiteFideId "24620351"]
[BlackFideId "1503707"]
[WhiteElo "2521"]
[BlackElo "2757"]
[WhiteTeam "GER"]
[BlackTeam "NOR"]
[WhiteClock "0:00:06"]
[BlackClock "0:00:31"]

1. d4 Nf6 2. c4 e6 3. Nf3 d5 4. g3 Bb4+ 5. Nbd2 dxc4 6. Bg2 b5 7. O-O O-O 8. a4 c6 9. Ne1 Nd5 10. Nc2 Be7 11. e4 Nb6 12. a5 N6d7 13. e5 Bb7 14. Ne4 Na6 15. Qg4 Rb8 16. Bh6 g6 17. h4 c5 18. Bxf8 Qxf8 19. Rfd1 cxd4 20. Nxd4 Nxe5 21. Qe2 Nb4 22. Nxb5 Bxe4 23. Qxe4 Rxb5 24. f4 Bc5+ 25. Kh1 Ng4 26. Qxc4 Rb8 27. Rd7 Ne3 28. Qe2 Nbd5 29. Rd1 Nxd1 30. Qxd1 Qe8 0-1

[Event "January 2 Early 2024"]
[Site "https://www.chess.com"]
[Date "2024.01.02"]
[Round "8"]
[White "Korchmar, Vasiliy"]
[Black "Goncalves, Davi Sulzbacher"]
[Result "1-0"]
[Board "65"]
[TimeControl "180+1"]
[WhiteFideId "24131750"]
[BlackFideId "2154510"]
[WhiteElo "2752"]
[BlackElo "2518"]
[WhiteTeam "RUS"]
[BlackTeam "BRA"]
[WhiteClock "0:02:25"]
[BlackClock "0:00:08"]

1. e4 c5 2. d4 cxd4 3. Qxd4 Nc6 4. Qd3 g6 5. Nc3 Bg7 6. Nf3 d6 7. Be2 Nf6 8. Nd5 O-O 9. O-O Nd7 10. c3 Nc5 11. Qc2 Bd7 12. Bg5 h6 13. Bh4 g5 14. Bg3 Rc8 15. Rad1 f5 16. exf5 Bxf5 17. Qc1 Qe8 18. Rfe1 Kh8 19. Bb5 Ne4 20. Nd4 Nxg3 21. hxg3 Bd7 22. Bxc6 bxc6 23. Nxe7 Qf7 24. Qc2 Rfe8 25. Nxc8 Rxc8 26. Re3 Qxa2 27. Re7 Bg4 28. Qg6 Rg8 29. Rde1 Qxb2 30. Rxg7 1-0

[Event "January 2 Early 2024"]
[Site "https://www.chess.com"]
[Date "2024.01.02"]
[Round "8"]
[White "Vaibhav Jayant Raut"]
[Black "Mekhane, Adam"]
[Result "1-0"]
[Board "66"]
[TimeControl "180+1"]
[WhiteFideId "5089034"]
[BlackFideId "36050601"]
[WhiteElo "2733"]
[BlackElo "2515"]
[WhiteTeam "IND"]
[BlackTeam "FRA"]
[WhiteClock "0:00:12"]
[BlackClock "0:00:00"]

1. c4 Nf6 2. g3 c5 3. Bg2 g6 4. Nc3 Bg7 5. d3 O-O 6. Nf3 Nc6 7. O-O d6 8. a3 Bg4 9. Rb1 Qd7 10. Re1 Bxf3 11. Bxf3 a5 12. Nd5 Nxd5 13. cxd5 Nd4 14. Bg2 h5 15. e3 Nf5 16. h4 b5 17. Bh3 e6 18. Bd2 Qe7 19. dxe6 fxe6 20. Bc3 e5 21. Qb3+ Kh7 22. Qxb5 Nxh4 23. gxh4 Qxh4 24. Bg2 Qxf2+ 25. Kh1 Rf5 26. Rf1 Qh4+ 27. Kg1 Raf8 28. Rxf5 Rxf5 29. Rf1 Qg3 30. Rxf5 gxf5 31. Bd2 h4 32. Qd7 Kg6 33. Qe6+ Bf6 34. Qg8+ Bg7 35. Qe8+ Kf6 36. Qh5 f4 37. exf4 exf4 38. Bc3+ Ke7 39. Qe2+ Kd7 40. Bxg7 Qxg7 41. Qf3 Qd4+ 42. Kh2 Qxb2 43. Qxf4 Qxa3 44. Qf7+ Kd8 45. Bc6 Qb2+ 46. Kh3 1-0

[Event "January 2 Early 2024"]
[Site "https://www.chess.com"]
[Date "2024.01.02"]
[Round "8"]
[White "Weisz, Bryan"]
[Black "Rakitin, Daniil"]
[Result "1-0"]
[Board "67"]
[TimeControl "180+1"]
[WhiteFideId "30934133"]
[BlackFideId "24219762"]
[WhiteElo "2513"]
[BlackElo "2710"]
[WhiteTeam "USA"]
[BlackTeam "RUS"]
[WhiteClock "0:00:25"]
[BlackClock "0:00:00"]

1. e4 d6 2. d4 g6 3. Bc4 Bg7 4. Qf3 e6 5. Nc3 Bxd4 6. Nge2 Bg7 7. h4 h6 8. Qg3 Nc6 9. h5 Nge7 10. f4 d5 11. Bb3 a5 12. hxg6 fxg6 13. Be3 a4 14. Nxa4 Na5 15. Bd4 Bxd4 16. Nxd4 Nxb3 17. Qxb3 c5 18. Nxc5 Qa5+ 19. Qc3 Qxc3+ 20. bxc3 dxe4 21. Ndxe6 Bxe6 22. Nxe6 Kf7 23. Nc5 Rae8 24. Nxb7 Rb8 25. Nd6+ Ke6 26. Nxe4 Nf5 27. O-O h5 28. Rfe1 Rhc8 29. Ng5+ Kf6 30. Rad1 Rc7 31. Rd5 Rbc8 32. Ra5 Rc6 33. Ra7 R8c7 34. Ne4+ Kg7 35. Rxc7+ Rxc7 36. a4 Ra7 37. Ra1 Ra5 38. Nd2 Nd6 39. Nb3 Rf5 40. a5 Nb5 41. a6 Na7 42. g3 h4 43. Kg2 hxg3 44. Kxg3 g5 45. Ra4 gxf4+ 46. Rxf4 Re5 47. Rb4 Re7 48. Rb7 Kf6 49. Nd4 Nc8 50. Nc6 Re3+ 51. Kf4 1-0

[Event "January 2 Early 2024"]
[Site "https://www.chess.com"]
[Date "2024.01.02"]
[Round "8"]
[White "Tasev, Dejan"]
[Black "Devaev, Alexander"]
[Result "1-0"]
[Board "68"]
[TimeControl "180+1"]
[WhiteFideId "936618"]
[BlackFideId "4169395"]
[WhiteElo "2709"]
[BlackElo "2511"]
[WhiteTeam "SRB"]
[BlackTeam "RUS"]
[WhiteClock "0:00:14"]
[BlackClock "0:00:00"]

1. e4 c6 2. d4 d5 3. Nc3 dxe4 4. Nxe4 Bf5 5. Ng3 Bg6 6. Nf3 Nd7 7. Bc4 e6 8. Bb3 Bd6 9. c3 Ngf6 10. Qe2 Qc7 11. O-O O-O 12. Nh4 Rfe8 13. Nxg6 hxg6 14. f4 c5 15. Be3 Rad8 16. h4 cxd4 17. cxd4 Nb6 18. h5 gxh5 19. Nxh5 Nxh5 20. Qxh5 Nd5 21. Rac1 Qb6 22. Bf2 Bxf4 23. Rce1 Qc7 24. Qf3 Bh6 25. g3 Nf6 26. Kg2 Qc6 27. d5 exd5 28. Bd4 Rxe1 29. Rxe1 Bg5 30. Rf1 b6 31. Qf5 Bh6 32. Rh1 Ne4 33. Rf1 Qe6 34. Qxe6 fxe6 35. Re1 1-0

[Event "January 2 Early 2024"]
[Site "https://www.chess.com"]
[Date "2024.01.02"]
[Round "8"]
[White "Gritsenko, Nikolai"]
[Black "Srdanovic, Jovana"]
[Result "0-1"]
[Board "70"]
[TimeControl "180+1"]
[WhiteFideId "14112493"]
[BlackFideId "954810"]
[WhiteElo "2676"]
[BlackElo "2510"]
[WhiteTeam "UKR"]
[BlackTeam "SRB"]
[WhiteClock "0:00:00"]
[BlackClock "0:01:04"]

1. f3 d5 2. c3 e5 3. Na3 Nc6 4. g3 f5 5. Nh3 h6 6. Nf2 Nf6 7. Nc2 e4 8. d3 Be6 9. Be3 g5 10. Qd2 Bg7 11. O-O-O exf3 12. exf3 Qd7 13. h4 g4 14. f4 O-O-O 15. Kb1 Rhe8 16. Bg2 Nh5 17. Rh2 Nxg3 18. h5 Bf7 19. b4 a6 20. d4 Nxh5 21. Nd3 Ng3 22. Ne5 Nxe5 23. dxe5 Qa4 24. Bd4 Ne4 25. Qe3 h5 26. Bf1 Re6 27. Kb2 Rc6 28. Rc1 g3 29. Rh3 Rxc3 30. Qxe4 dxe4 31. Kxc3 Qxa2 32. Ra1 Qb3+ 33. Kd2 e3+ 34. Kc1 Bf8 35. Rxg3 Rxd4 36. Nxd4 Qc3+ 37. Nc2 Bb3 38. Rg2 Bxb4 39. Rb1 Ba3+ 0-1

[Event "January 2 Early 2024"]
[Site "https://www.chess.com"]
[Date "2024.01.02"]
[Round "8"]
[White "Kopczynski, Michal"]
[Black "Aldokhin, Ivan"]
[Result "1-0"]
[Board "71"]
[TimeControl "180+1"]
[WhiteFideId "1124200"]
[BlackFideId "24115720"]
[WhiteElo "2506"]
[BlackElo "2673"]
[WhiteTeam "POL"]
[BlackTeam "RUS"]
[WhiteClock "0:01:02"]
[BlackClock "0:00:02"]

1. e4 c5 2. d4 cxd4 3. c3 Nf6 4. Bd3 d5 5. e5 Nfd7 6. e6 Nf6 7. exf7+ Kxf7 8. cxd4 Bg4 9. Nf3 Bxf3 10. Qxf3 Nc6 11. Be3 e5 12. dxe5 Nxe5 13. Qe2 Bb4+ 14. Nd2 Re8 15. O-O Neg4 16. Nf3 Nxe3 17. fxe3 Bc5 18. Kh1 Rxe3 19. Qc2 Qd6 20. Bxh7 Rh8 21. Qg6+ Kf8 22. Ng5 Qe7 23. Rac1 Re5 24. Rxc5 Qe8 25. Rc8 1-0

[Event "January 2 Early 2024"]
[Site "https://www.chess.com"]
[Date "2024.01.02"]
[Round "8"]
[White "Weetik, Vjacheslav"]
[Black "Gryshko, Vitalii"]
[Result "1/2-1/2"]
[Board "72"]
[TimeControl "180+1"]
[WhiteFideId "4153472"]
[BlackFideId "14174286"]
[WhiteElo "2670"]
[BlackElo "2502"]
[WhiteTeam "RUS"]
[BlackTeam "UKR"]
[WhiteClock "0:00:05"]
[BlackClock "0:00:08"]

1. e4 e5 2. Nf3 Nc6 3. Nc3 Nf6 4. Bb5 d6 5. d4 exd4 6. Nxd4 Bd7 7. Bxc6 bxc6 8. Qf3 Be7 9. e5 Nd5 10. Nxd5 cxd5 11. Qg3 dxe5 12. Qxe5 O-O 13. O-O c5 14. Nf3 Be6 15. Bg5 Qd6 16. Bxe7 Qxe7 17. Rfe1 Qd7 18. Rad1 Qb7 19. b3 h6 20. h3 Rfe8 21. Qd6 Qb6 22. Qf4 a5 23. Re3 a4 24. Rde1 axb3 25. axb3 Ra2 26. Ne5 Rf8 27. Rg3 Kh7 28. Ree3 Qb4 29. Rxg7+ Kxg7 30. Rg3+ Kh7 31. Qf6 Qe1+ 32. Kh2 Rg8 33. Nxf7 Rxg3 34. fxg3 Ra1 35. Qh8+ Kg6 36. Ne5+ Kf5 37. g4+ Ke4 38. Nf3 Ke3 39. Qe5+ Kf2 40. Qg3+ Kf1 41. Nxe1 Rxe1 42. Qf4+ Ke2 43. Qxh6 Kd1 44. Qg5 Kxc2 45. Qg6+ Kxb3 46. Qd3+ Kb4 47. Qd2+ Kb3 48. Qxe1 c4 49. Qxe6 c3 50. Qxd5+ Kb2 51. Qb5+ Kc1 52. Qc4 c2 53. g5 Kb1 54. Qxc2+ Ka1 55. g6 1/2-1/2

[Event "January 2 Early 2024"]
[Site "https://www.chess.com"]
[Date "2024.01.02"]
[Round "8"]
[White "Postnikov, Daniil"]
[Black "Vlassov, Nikolai"]
[Result "1-0"]
[Board "73"]
[TimeControl "180+1"]
[WhiteFideId "4166329"]
[BlackFideId "4103360"]
[WhiteElo "2497"]
[BlackElo "2670"]
[WhiteTeam "RUS"]
[BlackTeam "FID"]
[WhiteClock "0:00:20"]
[BlackClock "0:00:05"]

1. e4 Nc6 2. Nf3 d5 3. exd5 Qxd5 4. Nc3 Qa5 5. Bb5 Bd7 6. O-O a6 7. Bc4 Nf6 8. d4 Bg4 9. h3 Bxf3 10. Qxf3 O-O-O 11. Ne2 e6 12. c3 Bd6 13. b4 Qh5 14. Qxh5 Nxh5 15. a4 Rd7 16. b5 Na5 17. Bd3 axb5 18. axb5 b6 19. Bd2 c5 20. bxc6 Nxc6 21. Rfb1 Bc7 22. Ra8+ Nb8 23. c4 Rdd8 24. Bc3 Kd7 25. c5 bxc5 26. dxc5 Ke7 27. Rb7 Rc8 28. Raxb8 Rxb8 29. Rxc7+ Kf8 30. c6 Nf6 31. Bxf6 gxf6 32. Nd4 h5 33. Rd7 Kg7 34. c7 Rbc8 35. Ba6 Kg6 36. Bxc8 Rxc8 37. Nb5 1-0

[Event "January 2 Early 2024"]
[Site "https://www.chess.com"]
[Date "2024.01.02"]
[Round "8"]
[White "Gutierrez Olivares, Daniel"]
[Black "Domingo Nunez, Alejandro"]
[Result "0-1"]
[Board "74"]
[TimeControl "180+1"]
[WhiteFideId "2264005"]
[BlackFideId "22245561"]
[WhiteElo "2490"]
[BlackElo "2666"]
[WhiteTeam "ESP"]
[BlackTeam "ESP"]
[WhiteClock "0:00:05"]
[BlackClock "0:00:18"]

1. Nf3 Nf6 2. c4 g6 3. g3 Bg7 4. Bg2 O-O 5. O-O d6 6. Nc3 Nbd7 7. Rb1 c5 8. a3 Rb8 9. b4 b6 10. d3 Bb7 11. Bd2 a6 12. Qc2 Qc7 13. Rfc1 Rfc8 14. Qd1 Qd8 15. Qf1 Ng4 16. e4 Nge5 17. Ne1 Nc6 18. Ne2 Nde5 19. f4 Nd7 20. Be3 b5 21. cxb5 axb5 22. bxc5 Nxc5 23. Bxc5 dxc5 24. Rxb5 Nd4 25. Nxd4 Bxd4+ 26. Kh1 Ba6 27. Rxb8 Rxb8 28. Bf3 Rb2 29. Be2 Be3 30. Rd1 Qa5 31. Ng2 Bd4 32. f5 Qxa3 33. fxg6 hxg6 34. Nf4 Bb7 35. h4 Qb3 36. Rc1 Be3 37. Re1 Bd2 38. Rd1 Bxf4 39. gxf4 Qc2 40. Re1 Qd2 41. h5 f5 42. Qg1 Qxf4 43. Qxg6+ Kf8 44. Qg2 Qh4+ 45. Qh2 Qxe1+ 0-1

[Event "January 2 Early 2024"]
[Site "https://www.chess.com"]
[Date "2024.01.02"]
[Round "8"]
[White "Azali, Tannaz"]
[Black "Koshulyan, Egor A."]
[Result "0-1"]
[Board "75"]
[TimeControl "180+1"]
[WhiteFideId "12537721"]
[BlackFideId "24237000"]
[WhiteElo "2489"]
[BlackElo "2664"]
[WhiteTeam "IRI"]
[BlackTeam "RUS"]
[WhiteClock "0:00:21"]
[BlackClock "0:00:10"]

1. e4 c5 2. Nf3 Nc6 3. Bb5 g5 4. h3 Nf6 5. Nc3 g4 6. hxg4 Nxg4 7. d3 Bg7 8. Ng5 Nf6 9. Be3 h6 10. Nh3 Nd4 11. Bc4 d6 12. Nf4 a6 13. Bxd4 cxd4 14. Nce2 Qb6 15. Bb3 Bg4 16. f3 Bd7 17. Qd2 h5 18. c3 Bh6 19. Qc2 Rc8 20. Nd5 Nxd5 21. Bxd5 Bg7 22. Qb3 Qxb3 23. Bxb3 dxc3 24. bxc3 Bxc3+ 25. Nxc3 Rxc3 26. Kd2 Rc5 27. Rh4 Rg5 28. Rg1 Rhg8 29. Rh2 e6 30. Ke3 Ke7 31. Kf2 a5 32. Rb1 b5 33. d4 Rc8 34. Rbh1 a4 35. Bd1 Rc1 36. Be2 Rc2 37. Rxh5 Rxh5 38. Rxh5 Rxa2 39. Ke3 a3 40. Bxb5 Rxg2 41. Bxd7 Kxd7 42. Ra5 a2 43. d5 exd5 44. exd5 Ke7 45. Ke4 Kf6 46. Ra6 Ke7 47. Kf5 Rf2 48. f4 Kd7 49. Ra7+ Kc8 50. Kg5 Kb8 51. Ra3 Kb7 52. f5 Kb6 53. Kf6 Kc5 54. Ra5+ Kb4 55. Ra8 Kc4 56. Ra5 Kd4 57. Kxf7 Rxf5+ 58. Ke6 Rf2 59. Kxd6 Kc4 60. Ke6 Kb4 61. Ra8 Re2+ 62. Kd7 Re5 63. d6 Ra5 64. Rxa5 Kxa5 65. Ke8 a1=Q 66. d7 Qh8+ 67. Ke7 Qg7+ 68. Ke8 Qe5+ 69. Kf8 Qd6+ 70. Ke8 Qe6+ 71. Kd8 Kb6 72. Kc8 Qc6+ 73. Kd8 Qe6 74. Kc8 Kc6 75. Kb8 Qxd7 0-1

[Event "January 2 Early 2024"]
[Site "https://www.chess.com"]
[Date "2024.01.02"]
[Round "8"]
[White "Skliarov, Viktor"]
[Black "Brankovic, Dejan"]
[Result "1/2-1/2"]
[Board "76"]
[TimeControl "180+1"]
[WhiteFideId "14106736"]
[BlackFideId "921602"]
[WhiteElo "2664"]
[BlackElo "2477"]
[WhiteTeam "UKR"]
[BlackTeam "SRB"]
[WhiteClock "0:00:16"]
[BlackClock "0:00:05"]

1. e4 c5 2. Nf3 g6 3. c3 Bg7 4. Bd3 e5 5. O-O Ne7 6. Bc2 Nbc6 7. d4 cxd4 8. cxd4 Nxd4 9. Nxd4 exd4 10. e5 Nc6 11. Na3 O-O 12. Nc4 Nxe5 13. Nxe5 Bxe5 14. Re1 Bg7 15. Bf4 d6 16. Qd2 Be6 17. Rad1 Qb6 18. b3 Rac8 19. Be4 Rfe8 20. Bh6 Bh8 21. h4 Qc5 22. Bxb7 Rb8 23. Bf3 Qc3 24. Qf4 Qc5 25. Rc1 Qa3 26. Rc7 Qa5 27. Rec1 Qxa2 28. Qxd6 Qxb3 29. Re7 Red8 30. Qf4 d3 31. Rcc7 d2 32. Kh2 Re8 33. Rxe8+ Rxe8 34. Qxd2 Qa4 35. Bf4 Bf6 36. h5 a6 37. h6 Qb5 38. Bg3 Qf5 39. Qd6 Bg5 40. Qxa6 Bxh6 41. Qc6 Rf8 42. Bd6 Bf4+ 43. Bxf4 Qxf4+ 44. Kg1 Qd2 45. Qc3 Qxc3 46. Rxc3 Rd8 47. g3 Kg7 48. Kg2 h5 49. Re3 Kf6 50. Be2 Rd4 51. Bf3 Bd5 52. Bxd5 Rxd5 53. Rf3+ Ke6 54. Ra3 Re5 55. Ra6+ Kf5 56. Ra7 f6 57. Ra4 Rc5 58. Rb4 Kg5 59. Ra4 Kf5 60. Rb4 g5 61. Ra4 Re5 62. Rb4 Re4 63. Rb5+ Kg6 64. Rb6 Rc4 65. Rb5 Rc3 66. Rb4 Kf5 67. Rb5+ Kg6 68. Rb4 g4 69. Rb5 f5 70. Rb6+ Kg5 71. Rb5 Rc4 72. Ra5 Rd4 73. Rb5 Rd2 74. Ra5 Rc2 75. Rb5 Rc7 76. Ra5 Rf7 77. Rc5 h4 78. gxh4+ Kxh4 79. Rc8 Kg5 80. Rc5 Rd7 81. Ra5 Rd3 82. Ra4 Rc3 83. Ra8 Rc4 84. Ra7 Kf4 85. Ra8 Rc2 86. Ra4+ Kg5 87. Ra5 Kf4 88. Ra4+ Kg5 89. Ra5 Rd2 90. Rb5 Rd7 91. Rb8 Rf7 92. Rg8+ Kf4 93. Ra8 Re7 94. Ra4+ Re4 95. Ra5 Re5 96. Ra4+ Kg5 97. Ra8 f4 98. Rg8+ Kf5 99. Rf8+ Ke4 100. Rg8 Kf5 101. Rf8+ Kg5 102. Rg8+ Kh4 103. Rh8+ Rh5 104. Rg8 f3+ 105. Kh2 Rh6 106. Rg7 Rd6 107. Rh7+ Kg5 108. Rg7+ Kf4 109. Rf7+ Kg5 110. Kg3 Rd1 111. Rg7+ Kf5 112. Rf7+ Kg5 113. Rg7+ Kf5 114. Rf7+ Kg5 1/2-1/2

[Event "January 2 Early 2024"]
[Site "https://www.chess.com"]
[Date "2024.01.02"]
[Round "8"]
[White "Reprintsev, Alexander"]
[Black "Gullaksen, Eirik"]
[Result "1-0"]
[Board "77"]
[TimeControl "180+1"]
[WhiteFideId "14100541"]
[BlackFideId "1500945"]
[WhiteElo "2476"]
[BlackElo "2663"]
[WhiteTeam "UKR"]
[BlackTeam "NOR"]
[WhiteClock "0:00:55"]
[BlackClock "0:01:15"]

1. e4 c5 2. b3 g6 3. Bb2 Nf6 4. e5 Nd5 5. Nc3 Nxc3 6. Bxc3 Bg7 7. h4 h6 8. f4 Nc6 9. h5 d5 10. hxg6 fxg6 11. Bd3 O-O 12. g3 Bf5 13. Bxf5 gxf5 14. Qh5 e6 15. Nf3 d4 16. Bb2 Qe8 17. O-O-O Qxh5 18. Rxh5 b5 19. c3 Rad8 20. cxd4 Nxd4 21. Bxd4 cxd4 22. Kb2 Rf7 23. Rc1 Bf8 24. Rc6 Rg7 25. Rh3 Kf7 26. Ne1 Be7 27. Rxh6 Rxg3 28. Rh7+ Rg7 29. Rxg7+ Kxg7 30. Rxe6 Kf7 31. Ra6 d3 32. Rxa7 Rd4 33. Nf3 Rxf4 34. Ng5+ Kg6 35. Ne6 Rf2 36. Rxe7 Rxd2+ 37. Kc3 Rxa2 38. Kxd3 1-0

[Event "January 2 Early 2024"]
[Site "https://www.chess.com"]
[Date "2024.01.02"]
[Round "8"]
[White "Iskusnyh, Sergei"]
[Black "Bolat, Inayat"]
[Result "1-0"]
[Board "78"]
[TimeControl "180+1"]
[WhiteFideId "4120027"]
[BlackFideId "13733125"]
[WhiteElo "2660"]
[BlackElo "2457"]
[WhiteTeam "RUS"]
[BlackTeam "KAZ"]
[WhiteClock "0:00:52"]
[BlackClock "0:00:01"]

1. d4 Nf6 2. c4 g6 3. Nf3 Bg7 4. g3 O-O 5. Bg2 d6 6. Nc3 c5 7. dxc5 dxc5 8. Be3 Be6 9. Qxd8 Rxd8 10. Ng5 Bc8 11. Bxc5 Nfd7 12. Bxe7 Bxc3+ 13. bxc3 Re8 14. Bd6 h6 15. Ne4 Re6 16. c5 Nc6 17. O-O f5 18. Nd2 Rxe2 19. Nc4 Nf6 20. Rfe1 Re6 21. Rab1 g5 22. h3 g4 23. hxg4 fxg4 24. Re3 Rxe3 25. Nxe3 Ne8 26. Nc4 Kg7 27. Re1 Kf6 28. Rxe8 1-0

[Event "January 2 Early 2024"]
[Site "https://www.chess.com"]
[Date "2024.01.02"]
[Round "8"]
[White "Sztokbant, Bernardo Vainzoff"]
[Black "Feuerstack, Aljoscha"]
[Result "0-1"]
[Board "79"]
[TimeControl "180+1"]
[WhiteFideId "2115956"]
[BlackFideId "4681932"]
[WhiteElo "2441"]
[BlackElo "2653"]
[WhiteTeam "BRA"]
[BlackTeam "GER"]
[WhiteClock "0:01:16"]
[BlackClock "0:00:57"]

1. d4 d5 2. Nf3 Nf6 3. Bf4 g6 4. e3 Bg7 5. Be2 O-O 6. O-O c5 7. h3 Qb6 8. Nc3 cxd4 9. exd4 Nc6 10. a3 Rd8 11. Re1 Ne4 12. Na4 Qa5 13. c3 e5 14. b4 Qc7 15. Bg3 Nxg3 16. fxg3 e4 17. Nh2 Qxg3 18. Nf1 Qg5 19. Qc1 Qh4 20. Nc5 Nxd4 21. cxd4 Bxd4+ 22. Kh2 Bxh3 23. gxh3 Qf2+ 0-1

[Event "January 2 Early 2024"]
[Site "https://www.chess.com"]
[Date "2024.01.02"]
[Round "8"]
[White "Spichkin, Alexander"]
[Black "Timerkhanov, Alexander"]
[Result "0-1"]
[Board "80"]
[TimeControl "180+1"]
[WhiteFideId "4144074"]
[BlackFideId "24177938"]
[WhiteElo "2440"]
[BlackElo "2646"]
[WhiteTeam "RUS"]
[BlackTeam "RUS"]
[WhiteClock "0:01:49"]
[BlackClock "0:00:44"]

1. f4 d5 2. Nf3 g6 3. e3 Bg7 4. Be2 Nf6 5. O-O O-O 6. d3 c5 7. Kh1 Nc6 8. a4 Re8 9. Ne5 Nd7 10. Nxc6 bxc6 11. Qe1 e5 12. f5 Nf6 13. Qg3 e4 14. fxg6 hxg6 15. d4 c4 16. b3 Ba6 17. Na3 Qa5 18. bxc4 Qc3 19. Rb1 Bxc4 20. Bb2 Qd2 21. Bxc4 dxc4 22. Nxc4 Qxc2 23. Nd6 Re6 24. d5 Nh5 25. Qg5 Rxd6 26. Bxg7 Nxg7 27. Qe7 Nf5 28. Qb7 Rad8 29. Rbc1 Qe2 30. dxc6 Rd1 31. Qb1 Qxf1# 0-1

[Event "January 2 Early 2024"]
[Site "https://www.chess.com"]
[Date "2024.01.02"]
[Round "8"]
[White "Begunov, Konstantin"]
[Black "CamillaEffect"]
[Result "1-0"]
[Board "81"]
[TimeControl "180+1"]
[WhiteFideId "4118510"]
[WhiteElo "2434"]
[BlackElo "2645"]
[WhiteTeam "RUS"]
[WhiteClock "0:00:53"]
[BlackClock "0:00:00"]

1. d4 d5 2. c4 c6 3. Nc3 Nf6 4. cxd5 cxd5 5. Bf4 Nc6 6. e3 e6 7. Bd3 Bd6 8. Bg5 h6 9. Bh4 O-O 10. Nf3 a6 11. O-O b5 12. a4 b4 13. Na2 a5 14. Qe2 Bb7 15. Nc1 g5 16. Bg3 Ne4 17. Nb3 f5 18. Bxd6 Qxd6 19. Rfc1 Rfc8 20. Nc5 Rc7 21. Bb5 Bc8 22. Rc2 g4 23. Ne1 Ne7 24. Rac1 Raa7 25. Ned3 Ng6 26. Be8 Nh4 27. Ne5 Nxc5 28. Rxc5 Rxc5 29. Rxc5 Rc7 30. Bc6 Kg7 31. Qb5 Ng6 32. Nd3 Bd7 33. Bxd7 Qxd7 34. Qxd7+ Rxd7 35. Rxa5 Rc7 36. Nc5 Kf6 37. Rb5 e5 38. Rb6+ Kf7 39. g3 exd4 40. exd4 Re7 41. Kf1 f4 42. Rxb4 Re8 43. Rb7+ Kf6 44. a5 f3 45. Rb6+ Kf7 46. Re6 1-0